 Dungeon Crawl Stone Soup version 0.29.1-13-g9f3cf754e1 (webtiles) character file.

Game seed: 13375563978242010670

22763 Peloso the Carver (level 12, -2/110 HPs)
             Began as a Minotaur Fighter on Jan 21, 2023.
             Was a High Priest of Okawaru.
             Slain by a quicksilver ooze (17 damage)
             ... in an ice cave.
             The game lasted 00:39:56 (11694 turns).

Peloso the Carver (Minotaur Fighter)               Turns: 11694, Time: 00:39:57

Health: -2/110     AC: 19    Str: 30    XL:     12   Next: 65%
Magic:  1/13       EV: 11    Int:  5    God:    Okawaru [*****.]
Gold:   409        SH: 11    Dex: 12    Spells: 11/11 levels left

rFire   . . .      SeeInvis .   a - +3 falchion "Gutuyfa" {vorpal, Fragile rElec rPois rN++}
rCold   + . .      Faith    .   d - +0 kite shield
rNeg    + + .      Spirit   .   J - +7 Kryia's mail coat {PotionHeal*2 rC+}
rPois   +          Reflect  .   (helmet restricted)
rElec   +          Harm     .   I - +0 cloak
rCorr   .          Rampage  .   (no gloves)
Will    .....                   C - +0 pair of boots
Stlth   ..........              g - amulet of regeneration
HPRegen 1.08/turn               k - +6 ring of strength
MPRegen 0.13/turn               F - ring of flight

@: engulfed (cannot breathe), flying
A: horns 2, retaliatory headbutt
a: Renounce Religion, Heroism, Finesse, Duel


You were in an ice cave.
You worshipped Okawaru.
Okawaru was extremely pleased with you.
You visited 3 branches of the dungeon, and saw 14 of its levels.
You also visited: Bailey, Gauntlet and Ice Cave.

You collected 610 gold pieces.
You spent 201 gold pieces at shops.

Inventory:

Hand Weapons
 a - the +3 falchion "Gutuyfa" (weapon) {vorpal, Fragile rElec rPois rN++}
   (You found it on level 6 of the Dungeon)

   It inflicts extra damage upon your enemies.
   rElec:     It insulates you from electricity.
   rPois:     It protects you from poison.
   rN:        It greatly protects you from negative energy.
   Fragile:   It will be destroyed if unequipped.
 b - a +4 long sword of protection
 c - a +0 hand axe of flaming
 O - a +0 demon trident of electrocution
Armour
 d - a +0 kite shield (worn)
 q - a +0 crystal plate armour of cold resistance
 z - a +1 chain mail
 C - a +0 pair of boots (worn)
 I - a +0 cloak (worn)
 J - the +7 Kryia's mail coat (worn) {PotionHeal*2 rC+}
   (You took it off a minotaur in a Gauntlet)

   Potions are twice as effective at healing its wearer.
   rC:        It protects you from cold.
 Q - the +0 scale mail "Wydikkem" {rN+ Dex+4}
   (Okawaru gifted it to you in a Gauntlet)

   Dex:       It affects your dexterity (+4).
   rN:        It protects you from negative energy.
 R - +0 shadow dragon scales
Jewellery
 g - an amulet of regeneration (around neck)
 k - a +6 ring of strength (left hand)
 m - a +6 ring of intelligence
 B - a ring of see invisible
 F - a ring of flight (right hand)
 P - the ring of Yma Unwi {rN+ Int+3}
   (You found it in a Gauntlet)

   [ring of positive energy]

   Int:       It affects your intelligence (+3).
   rN:        It protects you from negative energy.
Wands
 j - a wand of digging (9)
 s - a wand of polymorph (16)
 y - a wand of acid (25)
 H - a wand of flame (36)
 L - a wand of mindburst (8)
Scrolls
 f - 2 scrolls of summoning
 n - a scroll of fear
 o - 2 scrolls of enchant weapon
 p - a scroll of enchant armour
 t - 7 scrolls of fog
 v - 2 scrolls of blinking
 A - a scroll of noise
 E - a scroll of brand weapon
 N - 2 scrolls of amnesia
Potions
 e - 3 potions of brilliance
 h - 4 potions of curing
 l - 4 potions of mutation
 r - 2 potions of haste
 u - a potion of magic
 w - 2 potions of berserk rage {unknown}
 x - a potion of invisibility {unknown}
 D - a potion of cancellation {unknown}
 G - a potion of flight {unknown}
 M - a potion of lignification {unknown}
Miscellaneous
 K - a phial of floods
 S - a box of beasts


   Skills:
 + Level 11.2 Fighting
 + Level 14.1 Long Blades
 + Level 13.3 Armour
 + Level 5.7 Dodging
 + Level 1.2 Stealth
 + Level 11.9 Shields
 + Level 2.7 Invocations
 + Level 0.2 Evocations


You had 11 spell levels left.
You didn't know any spells.
Your spell library contained the following spells:

 Spells                   Type           Power      Damage    Failure   Level
 Apportation              Tloc           0%         N/A       88%         1
 Necrotise                Necr           0%         1d4       88%         1
 Blink                    Tloc           0%         N/A       96%         2
 Conjure Flame            Conj/Fire      0%         6-21      99%         3
 Ignite Poison            Fire/Tmut/Pois 0%         N/A       99%         3
 Olgreb's Toxic Radiance  Pois           0%         N/A       100%        4
 Sticky Flame             Conj/Fire      0%         2d3       100%        4
 Irradiate                Conj/Tmut      0%         3d11      100%        5
 Manifold Assault         Tloc           0%         N/A       100%        5
 Dispersal                Tloc           0%         N/A       100%        6
 Storm Form               Tmut/Air       0%         N/A       100%        7
 Disjunction              Tloc           0%         N/A       100%        8
 Summon Small Mammal      Summ           Unusable   N/A       N/A         1
 Call Imp                 Summ           Unusable   N/A       N/A         2
 Summon Ice Beast         Ice/Summ       Unusable   N/A       N/A         4
 Summon Mana Viper        Hex/Summ       Unusable   N/A       N/A         5
 Haunt                    Necr/Summ      Unusable   N/A       N/A         7
 Spellforged Servitor     Conj/Summ      Unusable   N/A       N/A         7

Dungeon Overview and Level Annotations

Branches:
Dungeon (12/15)            Temple (1/1) D:5            Lair (1/5) D:8
    Orc (0/2) D:10         Bailey (visited)           IceCv (1/1)
Gauntlet (visited)

Altars:
Ashenzari
Cheibriados
Fedhas
Kikubaaqudgha
Makhleb
Okawaru
Qazlal
Ru
Sif Muna
Trog
Yredelemnul
Zin

Shops:
D:1 ??   D:4 *   D:7 (

Annotations:
D:9 1 runed translucent door, pretsel's ghost, journeyman DsMo
D:10 2 transporters, Erolcha; Gabide's ghost, journeyman HuMo
D:12 1 transporter IceCv exclusion: 2 ice statues


Innate Abilities, Weirdness & Mutations

You have a pair of horns on your head.
You reflexively headbutt those who attack you in melee.


Message History

The quicksilver ooze closely misses you.
Unknown command.
As you read the scroll of teleportation, it crumbles to dust.
You feel strangely unstable. The quicksilver ooze hits you.
The quicksilver ooze engulfs you! The quicksilver ooze hits you.
You feel your power leaking away. The azure jelly hits you.
* * * LOW HITPOINT WARNING * * *
The azure jelly freezes you! You resist.
* * * LOW HITPOINT WARNING * * *
The azure jelly hits you but does no damage. x2
The azure jelly closely misses you.
You cannot read scrolls while unable to breathe!
Unknown command.
You slip free of the ooze engulfing you.
You gasp with relief as air once again reaches your lungs.
Your surroundings suddenly seem different.
A great orb of eyes simulacrum and a quicksilver ooze come into view.
The quicksilver ooze quivers.
The walls melt the great orb of eyes simulacrum!
The +7 Kryia's mail coat enhances the healing.
You feel better. The quicksilver ooze hits you.
* * * LOW HITPOINT WARNING * * *
The quicksilver ooze engulfs you!
The quicksilver ooze closely misses you.
You cannot call out to Okawaru while unable to breathe.
You hit the quicksilver ooze.
You headbutt the quicksilver ooze, but do no damage.
The quicksilver ooze is lightly wounded.
* * * LOW HITPOINT WARNING * * *
Your lungs strain for air!
The quicksilver ooze hits you.
* * * LOW HITPOINT WARNING * * *
The quicksilver ooze hits you but does no damage.
You barely miss the quicksilver ooze.
The quicksilver ooze is lightly wounded.
* * * LOW HITPOINT WARNING * * *
Your lungs strain for air!
The quicksilver ooze hits you!
You die...

#.....##....########...[##...
.....##....## ###().....
....8#....... ######..
........###...8 #...
#.....###....### ......
########....### ........
#.....Z.### .#######
#.......#### ## #J@.......
...######.... .....## #
#......########## .
..#.............####..
_.....JJ..#...........
..#.....###.....####..
#.....####.....###.... .....#
#.............


You could see a quicksilver ooze and a great orb of eyes simulacrum.

Vanquished Creatures
  A minotaur (Gauntlet)
  A great orb of eyes (Gauntlet)
  A vault guard (Bailey)
  4 two-headed ogres
  Pikel (D:7)
  4 ugly things
  A cyclops (D:11)
  5 elephants
  A moth of wrath (Gauntlet)
  A torpor snail (Gauntlet)
  Joseph (D:7)
  Maggie (D:7)
  A kobold demonologist (D:11)
  2 komodo dragons
  2 hornets (D:7)
  3 trolls
  Prince Ribbit (D:8)
  A blink frog (Bailey)
  10 slime creatures (IceCv)
  3 wyverns
  A wraith (D:11)
  Sigmund (D:2)
  A shadow (D:10)
  5 yaks
  8 humans (Bailey)
  A basilisk (D:8)
  A steam dragon (D:8)
  11 vampire mosquitoes
  A water moccasin (D:8)
  4 orc warriors
  2 ice beasts
  A sky beast (D:7)
  2 black bears
  3 great orb of eyes simulacra (IceCv)
  5 wolves (Gauntlet)
  2 ogres
  3 centaurs
  2 phantoms (D:5)
  3 slime creature simulacra (IceCv)
  10 bullfrogs
  2 necrophages
  2 glowing shapeshifter simulacra (IceCv)
  A gnoll sergeant (D:8)
  A scorpion (D:6)
  5 wights (D:8)
  10 killer bees
  2 howler monkeys
  3 jellies
  2 hounds (D:7)
  6 orc priests
  An iguana (D:6)
  6 orc wizards
  4 shapeshifter simulacra (IceCv)
  15 gnolls
  12 adders
  2 shadow imps (D:5)
  12 white imps (Lair:1)
  3 ufetubi
  A worm (D:2)
  6 dart slugs
  34 orcs
  8 ball pythons
  13 endoplasms
  3 giant cockroaches
  6 goblins
  9 hobgoblins
  6 jackals
  7 quokkas
  10 bats
  5 frilled lizards
  8 kobolds
  7 rats
  3 rat zombies (D:5)
327 creatures vanquished.

Vanquished Creatures (others)
  A fungus (Lair:1)
  10 plants
11 creatures vanquished.

Grand Total: 338 creatures vanquished

Notes
Turn   | Place    | Note
-------+----------+-------------------------------------------
     0 | D:1      | Peloso the Minotaur Fighter began the quest for the Orb.
     0 | D:1      | Reached XP level 1. HP: 19/19 MP: 0/0
   126 | D:1      | Reached XP level 2. HP: 7/27 MP: 1/1
   467 | D:1      | Reached skill level 3 in Long Blades
   537 | D:1      | Found Sapufaox's Magic Scroll Boutique.
   547 | D:1      | Reached XP level 3. HP: 31/33 MP: 2/2
   564 | D:1      | Bought a scroll of identify for 26 gold pieces
   761 | D:1      | Found Waag's Magic Scroll Emporium.
  1509 | D:2      | Reached XP level 4. HP: 40/40 MP: 3/3
  1673 | D:2      | Reached skill level 4 in Long Blades
  1876 | D:2      | Noticed a floating eye
  1877 | D:2      | Found a faded altar of an unknown god.
  1882 | D:2      | Noticed a golden eye
  1882 | D:2      | Noticed a great orb of eyes
  1882 | D:2      | Noticed a floating eye
  2102 | D:2      | Noticed Sigmund
  2127 | D:2      | Killed Sigmund
  2128 | D:2      | Reached skill level 5 in Long Blades
  2128 | D:2      | Reached skill level 5 in Armour
  2128 | D:2      | Reached XP level 5. HP: 40/47 MP: 4/4
  2304 | D:1      | Bought a scroll of magic mapping for 82 gold pieces
  2304 | D:1      | Bought a scroll of teleportation for 33 gold pieces
  2326 | D:3      | Found a snail-covered altar of Cheibriados.
  2355 | D:3      | Reached XP level 6. HP: 49/53 MP: 5/5
  2827 | D:3      | Reached skill level 1 in Dodging
  3478 | D:4      | Found Yxkis's Assorted Antiques.
  3486 | D:4      | Bought a scroll labelled CEHIETHROAJE for 30 gold pieces
  3486 | D:4      | Bought a scroll labelled JYPREA NAUSSEE for 30 gold pieces
  3513 | D:4      | Reached skill level 5 in Fighting
  3513 | D:4      | Reached XP level 7. HP: 61/61 MP: 6/6
  3687 | D:4      | Reached skill level 6 in Long Blades
  3840 | D:5      | Entered Level 5 of the Dungeon
  3961 | D:5      | Found a staircase to the Ecumenical Temple.
  3979 | Temple   | Entered the Ecumenical Temple
  4066 | Temple   | Became a worshipper of Warmaster Okawaru
  4188 | D:5      | Reached skill level 7 in Long Blades
  4188 | D:5      | Reached skill level 5 in Shields
  4287 | D:5      | Found an ancient bone altar of Kikubaaqudgha.
  4427 | D:5      | Reached XP level 8. HP: 70/70 MP: 7/7
  4882 | D:6      | Identified the +3 falchion "Gutuyfa" {vorpal, Fragile rElec
                  | rPois rN++}
  4913 | D:6      | Reached skill level 8 in Long Blades
  4948 | D:6      | Reached * piety under Okawaru
  5513 | D:7      | Noticed Maggie
  5521 | D:7      | Killed Maggie
  5522 | D:7      | Reached skill level 9 in Long Blades
  5567 | D:7      | Noticed Joseph
  5568 | D:7      | Noticed a hornet
  5589 | D:7      | Killed Joseph
  5589 | D:7      | Reached ** piety under Okawaru
  5590 | D:7      | Reached XP level 9. HP: 38/78 MP: 0/8
  5668 | D:7      | Found Xoenkia's Weapon Emporium.
  5689 | D:7      | Noticed Pikel
  5710 | D:7      | Killed Pikel
  5710 | D:7      | Reached *** piety under Okawaru
  5711 | D:7      | Reached skill level 10 in Long Blades
  6544 | D:8      | Reached skill level 11 in Long Blades
  6555 | D:8      | Reached **** piety under Okawaru
  6556 | D:8      | Reached skill level 1 in Invocations
  6564 | D:8      | Reached XP level 10. HP: 81/88 MP: 9/9
  6576 | D:8      | Got Nisuuk's Atlas of Congregated Venom
  6732 | D:8      | Noticed an elephant
  6765 | D:8      | Killed an elephant
  6766 | D:8      | Reached skill level 10 in Armour
  6839 | D:8      | Found a staircase to the Lair.
  7467 | D:8      | Reached skill level 1 in Stealth
  7610 | D:9      | Noticed Prince Ribbit
  7642 | D:8      | Killed Prince Ribbit
  7643 | D:8      | Reached skill level 12 in Long Blades
  8002 | D:9      | Noticed pretsel's ghost (journeyman DsMo)
  8005 | D:9      | Found a runed translucent door.
  8106 | D:9      | Noticed a two-headed ogre
  8119 | D:9      | Killed a two-headed ogre
  8119 | D:9      | Reached ***** piety under Okawaru
  8530 | D:10     | Entered Level 10 of the Dungeon
  8551 | D:10     | Noticed a two-headed ogre
  8560 | D:10     | Killed a two-headed ogre
  8560 | D:10     | Received a gift from Okawaru
  8561 | D:10     | Reached XP level 11. HP: 47/97 MP: 8/11
  8588 | D:10     | Noticed a two-headed ogre
  8598 | D:10     | Killed a two-headed ogre
  8628 | D:10     | Found a flagged portal.
  8634 | D:10     | Noticed Erolcha
  8637 | Bailey   | Entered a bailey
  8879 | Bailey   | Noticed a vault guard
  8897 | Bailey   | Killed a vault guard
  9136 | D:10     | Found a bloodstained altar of Trog.
  9136 | D:10     | Noticed a tengu warrior
  9137 | D:10     | Found a transporter.
  9148 | D:10     | Noticed a two-headed ogre
  9156 | D:10     | Found a transporter.
  9161 | D:10     | Noticed Gabide's ghost (journeyman HuMo)
  9302 | D:11     | Reached skill level 5 in Dodging
  9327 | D:11     | Noticed a purple ugly thing
  9338 | D:11     | Killed a purple ugly thing
  9339 | D:11     | Reached skill level 13 in Long Blades
  9431 | D:11     | Noticed a two-headed ogre
  9489 | D:11     | Killed a two-headed ogre
  9490 | D:11     | Reached skill level 10 in Fighting
  9490 | D:11     | Reached skill level 10 in Shields
  9610 | D:11     | Found a blossoming altar of Fedhas.
  9616 | D:11     | Noticed a cyan ugly thing
  9628 | D:11     | Killed a cyan ugly thing
 10030 | D:10     | Reached XP level 12. HP: 54/106 MP: 9/12
 10124 | D:12     | Found a transporter.
 10128 | D:12     | Found a gate leading to a gauntlet.
 10151 | Gauntlet | Entered a Gauntlet
 10151 | Gauntlet | Found a transporter.
 10151 | Gauntlet | Found a transporter.
 10153 | Gauntlet | Found a transporter.
 10156 | Gauntlet | Found a transporter.
 10156 | Gauntlet | Found a transporter.
 10174 | Gauntlet | Found a runed translucent gate.
 10175 | Gauntlet | Found a transporter.
 10175 | Gauntlet | Found a runed translucent gate.
 10177 | Gauntlet | Found a transporter.
 10179 | Gauntlet | Found a runed translucent gate.
 10220 | Gauntlet | Found a transporter.
 10223 | Gauntlet | Found a transporter.
 10223 | Gauntlet | Found a transporter.
 10226 | Gauntlet | Noticed a great orb of eyes
 10238 | Gauntlet | Found a transporter.
 10253 | Gauntlet | Found a transporter.
 10274 | Gauntlet | Noticed a quicksilver ooze
 10277 | Gauntlet | Found a transporter.
 10281 | Gauntlet | Found a transporter.
 10467 | Gauntlet | Noticed a great orb of eyes
 10737 | Gauntlet | Killed a great orb of eyes
 10738 | Gauntlet | Reached skill level 14 in Long Blades
 10750 | Gauntlet | Identified the ring of Yma Unwi {rN+ Int+3}
 10950 | Gauntlet | Noticed a minotaur
 10972 | Gauntlet | Killed a minotaur
 10972 | Gauntlet | Identified the +0 scale mail "Wydikkem" {rN+ Dex+4}
                  | (Okawaru gifted it to you in a Gauntlet)
 10972 | Gauntlet | Received a gift from Okawaru
 11056 | Gauntlet | Identified the +0 helmet of the Stonemason {rPois Regen+
                  | Str+2}
 11057 | Gauntlet | Got the Vellum of Kinetic Hypothermia
 11248 | Lair:1   | Entered Level 1 of the Lair of Beasts
 11278 | Lair:1   | Found a frozen archway.
 11322 | IceCv    | Entered an ice cave
 11677 | IceCv    | Noticed a quicksilver ooze
 11679 | IceCv    | Found a viscous altar of Jiyva.
 11679 | IceCv    | Noticed an azure jelly
 11691 | IceCv    | Noticed a quicksilver ooze
 11694 | IceCv    | Slain by a quicksilver ooze

Illustrated notes

Levels and vault maps discovered:
D:1:      arrival_zaba_pyramid, layout_rooms, serial_shops, shop, shop,
          grunt_decor_arrowhead
D:2:      minmay_wonky_spiral, layout_basic,
          hellmonk_ecumenical_altar_watching_god, kennysheep_cluttered_room,
          hex_intersection, minmay_splitting_lines, uniq_sigmund
D:3:      layout_basic, amcnicky_altar_gilded, minmay_misc_feat_chi
D:4:      layout_cave_pools, serial_shops, nicolae_square_shop, serial_rivers,
          chequers_serial_rivers_micro_e, chequers_serial_rivers_micro_a,
          chequers_serial_rivers_room_a, chequers_serial_rivers_small_b,
          chequers_serial_rivers_large_a, chequers_serial_rivers_small_a
D:5:      kennysheep_six_static_rooms, layout_basic,
          lemuel_zombie_altar_kikubaaqudgha, minmay_temple_entry_butterflies
D:6:      layout_cave_pods
D:7:      layout_basic, serial_shops, nicolae_lakefront_shop, uniq_maggie,
          uniq_pikel, uniq_joseph
D:8:      layout_loops_ring, david_lair_generic
D:9:      layout_cross, hellmonk_ghost_happy_afterlife, uniq_prince_ribbit1
D:10:     hangedman_cross_cluster, layout_basic, mainiacjoe_overflow_chevrons,
          mainiacjoe_overflow_small_starburst, erik_orc_1,
          gammafunk_ghost_wrathful_warriors, enter_bailey_6, uniq_fannar,
          uniq_erolcha
D:11:     layout_gridville, fedhas_bush_and_centaur_altar
D:12:     layout_layer_cave, nzn_ghost_randoct, gauntlet_entry_generic,
          serial_shops, shop, nicolae_elemental_shop, elyvilon_altar_4
Temple:   dpeg_five_rooms_temple
Lair:1:   layout_regular_city, portal_ice_cave_entry_imps,
          chequers_serial_rivers_micro_d, serial_bayou_shore_b,
          grunt_megastairs_5
IceCv:    ice_cave_hellmonk_azure_passage

Skill      XL: |  1  2  3  4  5  6  7  8  9 10 11 12 |
---------------+-------------------------------------+-----
Shields        | 4 5 6 8 10 11 | 11.9
Long Blades    | 3 5 7 9 11 12 13 14 | 14.1
Fighting       | 4 5 6 8 9 10 11 | 11.2
Armour         | 4 5 6 8 9 11 12 13 | 13.3
Dodging        | 1 2 3 4 5 |  5.7
Invocations    | 1 2 |  2.7
Stealth        | 1 |  1.2
Evocations     | |  0.2

Action                   |  1- 3 |  4- 6 |  7- 9 | 10-12 || total
-------------------------+-------+-------+-------+-------++-------
Melee: Long sword        |   106 |   126 |   141 |       ||   373
       Headbutt          |    11 |    32 |    59 |   180 ||   282
       Falchion          |       |       |   170 |   771 ||   941
Invok: Heroism           |       |       |     2 |    23 ||    25
Evoke: Wand              |       |     3 |       |       ||     3
  Use: Scroll            |       |     4 |       |    24 ||    28
       Potion            |       |       |     1 |    10 ||    11
Armor: Scale mail        |    68 |    65 |       |    44 ||   177
       Skin              |       |     3 |       |       ||     3
       Chain mail        |       |     6 |   116 |   309 ||   431
Dodge: Dodged            |    65 |    90 |    95 |   292 ||   542
Block: Buckler           |    28 |    38 |    59 |    14 ||   139
       Kite shield       |       |       |       |   417 ||   417
